 Dungeon Crawl Stone Soup version 0.20.1-1-g8b1a95d (webtiles) character file.

158 nightchill the Ruffian (level 5, -3/41 HPs)
             Began as a Ghoul Warper on Dec 24, 2017.
             Was an Initiate of Cheibriados.
             Slain by a gnoll
             ... wielding a +0 halberd
              (5 damage)
             ... on level 3 of the Dungeon.
             The game lasted 00:09:34 (1946 turns).

nightchill the Ruffian (Ghoul Warper)               Turns: 1946, Time: 00:09:34

Health: -3/41      AC: 10    Str: 17    XL:     5   Next: 40%
Magic:  6/6        EV:  5    Int:  9    God:    Cheibriados [......]
Gold:   173        SH:  0    Dex:  9    Spells: 7/7 levels left

rFire    . . .     SeeInvis .     - Unarmed
rCold    + . .     Gourm    .   (no shield)
rNeg     + + +     Faith    .   e - +0 plate armour
rPois    ∞         Spirit   .   (no helmet)
rElec    .         Reflect  .   c - scarf {cloud immunity}
rCorr    .         Harm     .   (no gloves)
MR       .....                  (no boots)
Stlth    ..........             (no amulet)
Regen    0.0/turn               (no ring)
MPRegen  0.1/turn               (no ring)

@: rotting, very slow
A: rotting body, claws 1, carnivore 3, cold resistance 1, negative energy
resistance 3, inhibited regeneration, torment resistance, unbreathing
a: Bend Time, Renounce Religion


You were on level 3 of the Dungeon.
You worshipped Cheibriados.
Cheibriados was noncommittal.
You were not hungry.

You visited 1 branch of the dungeon, and saw 3 of its levels.

You collected 173 gold pieces.

Inventory:

Hand Weapons
 j - a +0 hunting sling
Missiles
 d - 4 tomahawks of dispersal (quivered)
 g - 110 stones
 r - 7 exploding tomahawks
Armour
 a - a +0 leather armour
 c - a scarf of cloud immunity (worn)
 e - a +0 plate armour (worn)
 v - a +0 buckler
Scrolls
 h - a scroll of amnesia {unknown}
 l - a scroll of recharging {unknown}
 o - 2 scrolls of identify {unknown}
 p - a scroll of teleportation {unknown}
 q - a scroll of enchant weapon {unknown}
 s - a scroll of remove curse {unknown}
Potions
 i - a potion of invisibility {unknown}
 k - a potion of flight {unknown}
 m - a potion of brilliance {unknown}
 n - a potion of curing {unknown}
 u - a potion of degeneration {unknown}
Books
 b - a book of Spatial Translocations

   Spells                             Type                      Level
   a - Blink                          Translocation                2
   b - Shroud of Golubria             Charms/Translocation         2
   c - Lesser Beckoning               Translocation                3
   d - Gell's Gravitas                Translocation                3
   e - Teleport Other                 Translocation                3
   f - Passage of Golubria            Translocation                4
Comestibles
 f - 3 meat rations


   Skills:
 - Level 2.1 Fighting
 - Level 0.8 Throwing
 - Level 0.8 Armour
 - Level 1.7 Dodging
 + Level 5.9 Unarmed Combat
 - Level 1.7 Spellcasting
   Level 2.6 Translocations


You had 7 spell levels left.
You didn't know any spells.

Dungeon Overview and Level Annotations

Branches:
Dungeon (3/15)

Altars:
Cheibriados
Dithmenos
Fedhas
Gozag
Vehumet

Annotations:
D:2 1 runed door, 1 exclusion, Sigmund


Innate Abilities, Weirdness & Mutations

Your body is rotting away.
You thrive on raw meat.
You are immune to poison.
You have sharp fingernails.
You are carnivorous and can eat meat at any time.
Your flesh is cold resistant. (rC+)
You are immune to negative energy. (rN+++)
You do not regenerate when monsters are visible.
You are immune to unholy pain and torment.
You can survive without breathing.


Message History

The gnoll is moderately wounded.
The gnoll barely misses you.
You closely miss the gnoll.
The gnoll is moderately wounded.
The gnoll hits you but does no damage. The gnoll hits you with a spear.
* * * LOW HITPOINT WARNING * * *
You claw the gnoll!
You kill the gnoll!
Cheibriados appreciates the change of pace.
The gnoll barely misses you.
You scratch the gnoll.
The gnoll is moderately wounded.
The gnoll hits you with a halberd!
* * * LOW HITPOINT WARNING * * *
You closely miss the gnoll.
The gnoll is moderately wounded.
You claw the gnoll!
The gnoll is severely wounded.
The gnoll hits you with a halberd.
You die...

### ###
#.###.#####.#
#)g...#<.)..#
#@# #####.# #.#
#.# #####'#+##
#<# #........#
#.# #........#
#.# #........#
#.# ##........#
#.#
...>........###
#.#
.......#+#....#
##'######


You could see a gnoll.

Vanquished Creatures
  3 gnolls (D:3)
  6 adders
  4 oozes (D:1)
  3 dart slugs
  A leopard gecko (D:2)
  2 orcs (D:3)
  A ball python (D:2)
  3 giant cockroaches
  4 goblins
  8 hobgoblins
  6 kobolds
  4 bats
  3 frilled lizards
  5 rats
53 creatures vanquished.

Notes
Turn   | Place    | Note
-------+----------+-------------------------------------------
     0 | D:1      | nightchill the Ghoul Warper began the quest for the Orb.
     0 | D:1      | Reached XP level 1. HP: 17/17 MP: 2/2
    93 | D:1      | Reached skill level 3 in Unarmed Combat
    93 | D:1      | Reached XP level 2. HP: 24/24 MP: 3/3
   244 | D:1      | Reached XP level 3. HP: 25/29 MP: 4/4
   556 | D:1      | Reached skill level 4 in Unarmed Combat
   713 | D:2      | Reached XP level 4. HP: 32/36 MP: 5/5
  1012 | D:2      | Found a runed door.
  1081 | D:2      | Found a blossoming altar of Fedhas.
  1120 | D:2      | Noticed Sigmund
  1513 | D:2      | Reached skill level 5 in Unarmed Combat
  1615 | D:2      | Found an opulent altar of Gozag.
  1616 | D:2      | Found a snail-covered altar of Cheibriados.
  1616 | D:2      | Found a blossoming altar of Fedhas.
  1626 | D:2      | Found a radiant altar of Vehumet.
  1631 | D:2      | Became a worshipper of Cheibriados the Contemplative
  1825 | D:3      | Reached XP level 5. HP: 38/41 MP: 6/6
  1849 | D:3      | Found a shadowy altar of Dithmenos.
  1944 | D:3      | HP: 2/41 [gnoll/halberd (7)]
  1946 | D:3      | Slain by a gnoll

Skill      XL: |  1  2  3  4 |
---------------+-------------+-----
Unarmed Combat | 3 4 5 |  5.9
Fighting       | |  2.1
Throwing       | |  0.8
Armour         | |  0.8
Dodging        | |  1.7
Spellcasting   | |  1.7
Translocations | |  2.6

Action                   |  1- 3 |  4- 6 || total
-------------------------+-------+-------++-------
Melee: Unarmed           |   118 |   133 ||   251
       Punch             |       |     2 ||     2
Throw: Tomahawk          |       |     1 ||     1
  Use: Scroll            |       |     2 ||     2
  Eat: Chunk             |     6 |     6 ||    12
Armor: Plate armour      |   102 |    97 ||   199
Dodge: Dodged            |    28 |    25 ||    53
